 Dungeon Crawl Stone Soup version 0.31.0-9-g3a7656b989 (webtiles) character file.

Game seed: 10081344869566807823

25 qw the Shooter (level 2, -5/16 HPs)
             Began as a Deep Elf Hunter on Feb 2, 2024.
             Slain by a gnoll
             ... wielding a +0 flail
              (8 damage)
             ... on level 2 of the Dungeon.
             The game lasted 00:00:02 (769 turns).

qw the Shooter (Deep Elf Hunter)                     Turns: 769, Time: 00:00:03

Health: -5/16      AC:  4    Str:  8    XL:     2   Next: 82%
Magic:  4/4        EV: 12    Int: 13    God:
Gold:   113        SH:  0    Dex: 18    Spells: 1/1 levels left

rFire   . . .        a - +0 shortbow
rCold   . . .        (shield currently unavailable)
rNeg    . . .        c - +0 leather armour
rPois   .            f - +0 helmet
rElec   .            (no cloak)
rCorr   .            (no gloves)
SInv    .            (no boots)
Will    .....        (no amulet)
Stlth   ++           (no ring)
HPRegen 0.22/turn    (no ring)
MPRegen 0.09/turn

%: no passive effects
@: no status effects
A: no striking features
a: no special abilities


You were on level 2 of the Dungeon.
You visited 1 branch of the dungeon, and saw 2 of its levels.

You collected 113 gold pieces.


   Skills:
 - Level 1.5 Fighting
 + Level 6.5 Ranged Weapons
 - Level 2.4 Dodging
 - Level 1.2 Stealth


You had one spell level left.
You didn't know any spells.
Your spell library was empty.

Inventory:

Hand Weapons
 a - a +0 shortbow (weapon)
Armour
 b - a +0 ring mail
 c - a +0 leather armour (worn)
 f - a +0 helmet (worn)
Scrolls
 i - a scroll of teleportation {unknown}
 j - a scroll of identify
 l - a scroll of blinking {unknown}
 m - 2 scrolls of vulnerability {unknown}
Potions
 d - 3 potions of resistance
 e - 2 potions of degeneration {unknown}
 g - a potion of curing {unknown}
 h - a potion of invisibility {unknown}
 k - 2 potions of lignification {unknown}

Dungeon Overview and Level Annotations

Branches:
Dungeon (2/15)

Altars:


Message History

Found a scale mail.
A goblin and a kobold come into view.
You shoot an arrow. The arrow hits the kobold!
You kill the kobold!
The goblin shouts!
You hear a shout! x3
You shoot an arrow. The arrow closely misses the goblin.
You shoot an arrow. The arrow closely misses the goblin.
The goblin closely misses you.
You shoot an arrow. The arrow hits the goblin.
The goblin is severely wounded.
The goblin closely misses you.
You shoot an arrow. The arrow barely misses the goblin.
A gnoll comes into view. It is wielding a +0 halberd.
The goblin hits you with a +0 dagger.
You shoot an arrow. The gnoll shouts!
The arrow hits the goblin!
You kill the goblin!
A gnoll comes into view. It is wielding a +0 club.
A gnoll comes into view. It is wielding a +0 flail.
You shoot an arrow. The arrow hits the gnoll.
The gnoll is moderately wounded.
A gnoll comes into view. It is wielding a +0 flail.
Enter note:
Enter note:
766 ||| RETREEEEATING.
The gnoll hits you from afar with a +0 halberd.
A dart slug comes into view.
You shoot an arrow. The arrow hits the gnoll.
The gnoll is severely wounded.
The gnoll hits you from afar with a +0 halberd!
Ouch! That really hurt!
Enter note:
Enter note:
768 ||| RETREEEEATING.
The gnoll attacks as it pursues you! The gnoll misses you.
You shoot an arrow. The arrow barely misses the gnoll. x2
The gnoll hits you with a +0 flail!
Ouch! That really hurt!
You die...

..?## ###....
#.....w .......
.......
......g#######.
......gg.......
....)##g####### ##
#..# #@# .###..
#.# .#.)# #.#
#.... #.#
#########.#.# #.#
#...........# #.#
.|#....##...####.#
..#..............#
..#.........######


You could see 4 gnolls and a dart slug.

Vanquished Creatures
  An adder (D:2)
  A ribbon worm (D:2)
  A ball python (D:1)
  3 endoplasms
  2 goblins
  2 kobolds
  A frilled lizard (D:1)
  2 rats (D:1)
13 creatures vanquished.

Notes
Turn   | Place    | Note
-------+----------+-------------------------------------------
     0 | D:1      | qw the Deep Elf Hunter began the quest for the Orb.
     0 | D:1      | Reached XP level 1. HP: 12/12 MP: 3/3
     0 | D:1      | 0 ||| qw: Version: 0.3-a-155-g5e7d8dd
     0 | D:1      | 0 ||| qw: Game counter: 781
     0 | D:1      | 0 ||| qw: Melee chars always use a shield: true
     0 | D:1      | 0 ||| qw: God list: Okawaru
     0 | D:1      | 0 ||| qw: Allow faded altars: false
     0 | D:1      | 0 ||| qw: Do Orc after clearing Dungeon:15 true
     0 | D:1      | 0 ||| qw: Do second Lair branch before Depths: true
     0 | D:1      | 0 ||| qw: Lair rune preference: random
     0 | D:1      | 0 ||| qw: Goals: Normal
     0 | D:1      | 0 ||| PLANNING D:1-11
   488 | D:1      | 488 ||| UPGRADING to +0 helmet.
   493 | D:1      | 493 ||| READING scroll labelled WAXEAQ ZEGRIW.
   493 | D:1      | 493 ||| IDENTIFYING glowing ruby potion
   494 | D:1      | 494 ||| DROPPING scroll of butterflies.
   509 | D:2      | Reached skill level 6 in Ranged Weapons
   509 | D:2      | Reached XP level 2. HP: 16/16 MP: 4/4
   548 | D:2      | HP: 4/16 [ribbon worm (4)]
   684 | D:2      | Found a faded altar of an unknown god.
   766 | D:2      | 766 ||| RETREEEEATING.
   767 | D:2      | HP: 2/16 [gnoll/+0 halberd (12)]
   768 | D:2      | 768 ||| RETREEEEATING.
   769 | D:2      | Slain by a gnoll

Levels and vault maps discovered:
D:1:      psy_arrival_fountain, layout_basic, nicolae_figureground_sparkle
D:2:      layout_loops_ring, hellmonk_ecumenical_altar_lost_god, basic_altar,
          serial_shops, nicolae_diamond_shop

Skill      XL: |  1 |
---------------+----+-----
Ranged Weapons | 6 |  6.5
Fighting       | |  1.5
Dodging        | |  2.4
Stealth        | |  1.2

Action                     || total
---------------------------++-------
   Fire: Shortbow          ||    45
    Use: Scroll            ||     1
 Armour: Leather armour    ||    13
  Dodge: Dodged            ||    11

Table legend:
 A = Non-vault XP
 B = Vault XP
 C = Vault XP percentage of total XP
 D = Non-vault monster count
 E = Vault monster count
 F = Vault count percentage of total count
                 A         B        C        D         E       F
            +---------+---------+-------+---------+---------+-------
      Total |      36 |       0 |   0.0 |      13 |       0 |   0.0
            +---------+---------+-------+---------+---------+-------
        D:1 |      11 |       0 |   0.0 |       7 |       0 |   0.0
        D:2 |      25 |       0 |   0.0 |       6 |       0 |   0.0
            +---------+---------+-------+---------+---------+-------
